 Dungeon Crawl Stone Soup version 0.25.1-2-g60ff931df9 (webtiles) character file.

Game seed: 5685876364730321479

195368 Chiseanne the Rich (level 18, -18/140 HPs)
             Began as a Gnoll Wanderer on Aug 17, 2020.
             Was an Initiate of Gozag.
             Killed from afar by an Ice Fiend (39 damage)
             ... with a bolt of cold
             ... summoned by a deep elf demonologist
             ... led by an ironheart preserver
             ... on level 1 of the Vaults on Sept 10, 2020.
             The game lasted 02:28:48 (46518 turns).

Chiseanne the Rich (Gnoll Wanderer)                Turns: 46518, Time: 02:28:49

Health: -18/140    AC: 22    Str: 16    XL:     18   Next: 33%
Magic:  0/33       EV: 18    Int: 17    God:    Gozag
Gold:   2615       SH: 13    Dex: 23    Spells: 21/40 levels left

rFire    + . .     SeeInvis +   a - +6 long sword (elec)
rCold    . . .     Gourm    .   E - +1 kite shield {reflect}
rNeg     . . .     Faith    .   R - +5 ring mail "Denwiluq" {rElec Regen+ SInv Stlth+}
rPois    +         Spirit   +   u - +2 hat
rElec    +         Reflect  +   T - +1 cloak {rCorr}
rCorr    +         Harm     .   e - +1 pair of gloves
MR       +....                  U - +2 pair of boots {run}
Stlth    ++++......             l - amulet of Usibuob {Spirit rElec Dex+4}
HPRegen  0.73/turn              g - ring of protection from fire
MPRegen  0.23/turn              c - ring of poison resistance

@: silence, marked, gold aura, heavily drained, quick
A: distributed training, fangs 1, strong nose
}: 1/15 runes: gossamer
a: Renounce Religion


You were on level 1 of the Vaults.
You worshipped Gozag.
Gozag was most pleased with you.
You were full.

You visited 6 branches of the dungeon, and saw 29 of its levels.

You collected 11842 gold pieces.
You spent 3510 gold pieces at shops.
You paid 5717 gold pieces to Gozag.

Inventory:

Hand Weapons
 a - a +6 long sword of electrocution (weapon)
 b - the +6 hand axe of Iddausmu {elec, rElec Int+3}
   (You found it on level 1 of the Spider Nest)

   Occasionally, upon striking a foe, it will discharge some electrical energy
   and cause terrible harm.
   It affects your intelligence (+3).
   It insulates you from electricity.
 d - a +0 long sword of flaming
 f - a +2 long sword of holy wrath
 s - the +5 whip "Dragonslayer" {vorpal, rN+}
   (You bought it in a shop on level 4 of the Dungeon)

   It inflicts extra damage upon your enemies.
   It protects you from negative energy.
Missiles
 q - 16 poisoned darts
 z - 31 boomerangs
 D - a throwing net
 J - 5 curare-tipped darts (quivered)
 L - 23 sling bullets
 V - 3 silver boomerangs
Armour
 e - a +1 pair of gloves (worn)
 u - a +2 hat (worn)
 E - a +1 kite shield of reflection (worn)
 R - the +5 ring mail "Denwiluq" (worn) {rElec Regen+ SInv Stlth+}
   (You bought it in a shop on level 8 of the Dungeon)

   It insulates you from electricity.
   It lets you see invisible.
   It increases your rate of regeneration.
   It makes you more stealthy.
 T - a +1 cloak of preservation (worn)
 U - a +2 pair of boots of running (worn)
Magical Staves
 i - an uncursed staff of earth
Jewellery
 c - a ring of poison resistance (right hand)
 g - a ring of protection from fire (left hand)
 l - the amulet of Usibuob (around neck) {Spirit rElec Dex+4}
   (You bought it in a shop on level 15 of the Dungeon)

   [amulet of guardian spirit]

   It causes incoming damage to be split between your health and magic.
   It affects your dexterity (+4).
   It insulates you from electricity.
 r - an uncursed ring of protection from cold
Wands
 o - a wand of flame (11)
 B - a wand of digging (1)
 O - a wand of disintegration (9)
 Z - a wand of iceblast (7)
Scrolls
 h - 10 scrolls of remove curse
 p - 3 scrolls of fog
 x - 4 scrolls of magic mapping
 H - 5 scrolls of identify
 K - a scroll of silence
 M - 9 scrolls of teleportation
Potions
 k - a potion of cancellation
 m - 3 potions of magic
 A - 4 potions of curing
 F - 6 potions of ambrosia
 G - a potion of stabbing
 S - 3 potions of flight
Miscellaneous
 C - a tin of tremorstones (1/3)
 X - a phial of floods


   Skills:
 + Level 11.9(9.4) Fighting
 + Level 11.9(9.4) Short Blades
 + Level 12.2(9.6) Long Blades
 + Level 11.9(9.4) Axes
 + Level 11.9(9.4) Maces & Flails
 + Level 11.9(9.4) Polearms
 + Level 11.9(9.4) Staves
 + Level 11.9(9.4) Slings
 + Level 11.9(9.4) Bows
 + Level 11.9(9.4) Crossbows
 + Level 11.9(9.4) Throwing
 + Level 11.9(9.4) Armour
 + Level 12.6(10.1) Dodging
 + Level 12.5(10.0) Stealth
 + Level 12.2(9.6) Shields
 + Level 11.9(9.4) Unarmed Combat
 + Level 11.9(9.4) Spellcasting
 + Level 10.2(7.8) Conjurations
 + Level 10.2(7.8) Hexes
 + Level 10.2(7.8) Charms
 + Level 10.2(7.8) Summonings
 + Level 10.2(7.8) Necromancy
 + Level 10.2(7.8) Translocations
 + Level 10.2(7.8) Transmutations
 + Level 10.2(7.8) Fire Magic
 + Level 10.2(7.8) Ice Magic
 + Level 10.2(7.8) Air Magic
 + Level 11.4(8.9) Earth Magic
 + Level 10.2(7.8) Poison Magic
 + Level 12.8(10.3) Invocations
 + Level 12.2(9.6) Evocations


You had 21 spell levels left.
You knew the following spells:

 Your Spells              Type           Power        Failure   Level  Hunger
a - Apportation           Tloc           ####..       1%          1    None
b - Stone Arrow           Conj/Erth      #####.       2%          3    None
c - Frozen Ramparts       Ice            ####..       3%          3    None
d - Hailstorm             Conj/Ice       ####....     12%         4    ###....
e - Summon Ice Beast      Ice/Summ       ####....     12%         4    ###....
f - Summon Lightning Spi  Summ/Air       ####....     12%         4    ###....

Your spell library contained the following spells:

 Spells                   Type           Power        Failure   Level  Hunger
 Animate Skeleton         Necr           N/A          1%          1    None
 Corona                   Hex            ####...      1%          1    None
 Freeze                   Ice            ####         1%          1    None
 Magic Dart               Conj           ####         1%          1    None
 Sandblast                Erth           #####.       1%          1    None
 Summon Small Mammal      Summ           ####         1%          1    None
 Call Imp                 Summ           ####....     1%          2    None
 Corpse Rot               Necr/Air       N/A          1%          2    None
 Sublimation of Blood     Necr           ####......   1%          2    None
 Call Canine Familiar     Summ           ####....     3%          3    None
 Conjure Flame            Conj/Fire      ####....     3%          3    None
 Ozocubu's Armour         Chrm/Ice       ####....     3%          3    None
 Summon Guardian Golem    Hex/Summ       ####....     3%          3    None
 Dispel Undead            Necr           ####....     12%         4    ###....
 Agony                    Necr           ####....     32%         5    #####..
 Excruciating Wounds      Chrm/Necr      ####......   32%         5    #####..
 Fireball                 Conj/Fire      ####......   32%         5    #####..
 Irradiate                Conj/Tmut      ####......   32%         5    #####..
 Lightning Bolt           Conj/Air       ####......   32%         5    #####..
 Starburst                Conj/Fire      ####......   88%         6    ######.


Dungeon Overview and Level Annotations

Branches:
Dungeon (15/15)            Temple (1/1) D:7            Lair (6/6) D:8
 Shoals (0/4) Lair:3       Spider (4/4) Lair:3          Orc (2/2) D:10
    Elf (0/3) Orc:2        Vaults (1/5) D:14         Depths (0/5) D:15
  Slime: Lair:5-6

Altars:
Ashenzari
Cheibriados
Dithmenos
Elyvilon
Fedhas
Gozag
Hepliaklqana
Kikubaaqudgha
Makhleb
Nemelex Xobeh
Okawaru
Qazlal
Ru
Sif Muna
Trog
Uskayaw
Vehumet
Wu Jian
Xom
Yredelemnul
Zin
The Shining One
Beogh

Shops:
D:4 *   D:8 ?[   D:15 ===   Orc:2 :**(

Annotations:
D:10 1 runed translucent door, halv's ghost, journeyman MiHu
Spider:2 Roxanne
Spider:3 exclusion: downstairs


Innate Abilities, Weirdness & Mutations

Your experience applies equally to all skills.
You have very sharp teeth.
Your uncanny sense of smell can sniff out nearby items.


Message History

The ironheart preserver is healed somewhat.
The deep elf sorcerer barely misses you.
You slash the deep elf mage!
The deep elf mage is almost dead.
The deep elf mage hits you with a +0 short sword.
* * * LOW HITPOINT WARNING * * *
A deep elf annihilator comes into view. It is wielding a +0 long sword.
The deep elf sorcerer becomes distracted by the nearby gold, dreaming of imaginary riches.
You slash the deep elf mage!
You kill the deep elf mage!
The deep elf sorcerer is no longer distracted by gold.
The white ugly thing basks in the mutagenic energy from its kin and changes!
The deep elf sorcerer hits you with a +0 short sword.
* * * LOW HITPOINT WARNING * * *
You hit the white ugly thing. Your bite misses the white ugly thing.
The white ugly thing is severely wounded.
The Ice Fiend gestures at you. The bolt of cold hits you!!!
You die...
Your body crumbles into a pile of gold.

####'### #########
#...# #...#
#...##### #.......#
#...#...#
##....>..#
######e####.#.#
#....@uu$.#.....
#....1#e$.#......
#.......pe#......'W
#######.#.'#######.
#..(## #...# #.[.#
#...#


You could see an ironheart preserver, an Ice Fiend (summoned), a deep elf
annihilator, 2 ugly things, a deep elf sorcerer and a deep elf demonologist.

Vanquished Creatures
  Nikola (Spider:1)
  Jorgrun (Orc:1)
  Agnes (D:15)
  A vault warden (Vaults:1)
  An orc warlord (Orc:2)
  2 ghost moths
  2 emperor scorpions
  4 entropy weavers
  3 spark wasps (Spider:4)
  A fire dragon (D:9)
  An ettin (D:9)
  6 hydras
  4 vault guards (D:14)
  A catoblepas (D:15)
  2 centaur warriors
  10 two-headed ogres
  4 tengu warriors
  3 ogre magi
  8 death scarabs (Spider:4)
  6 orc high priests
  A shadow wraith (Vaults:1)
  2 wizards (D:15)
  5 spectral wolf spiders (Spider:4)
  A deep elf archer (D:15)
  4 orc knights (Orc:2)
  25 wolf spiders
  13 orb spiders
  8 ugly things
  9 deep elf magi
  5 orc sorcerers (Orc:2)
  4 oklob plants (Lair:6)
  4 cyclopes
  A wolf spider zombie (Spider:4)
  2 moths of wrath
  2 manticores
  A vault sentinel (Vaults:1)
  A naga mage (D:15)
  10 elephants
  2 black mambas
  3 torpor snails
  2 gargoyles
  15 spiny frogs
  3 spectral redbacks (Spider:4)
  2 rime drakes
  9 komodo dragons
  16 demonic crawlers
  3 redback zombies (Spider:4)
  37 jumping spiders
  10 meliai
  8 trolls
  5 polar bears
  6 hornets
  2 jumping spider zombies (Spider:4)
  3 spectral jumping spiders (Spider:4)
  7 slime creatures
  7 dream sheep (Lair:6)
  26 blink frogs
  4 tarantella zombies (Spider:4)
  12 hippogriffs
  80 redbacks
  2 shadows
  16 spriggans
  3 wyverns
  A wraith (D:13)
  A vampire (D:10)
  55 yaks
  40 tarantellas
  5 basilisks
  A steam dragon (D:12)
  3 vampire mosquitoes (D:14)
  A hungry ghost (D:9)
  Menkaure (D:4)
  3 wargs
  11 water moccasins
  50 orc warriors
  14 porcupines
  4 black bears
  3 ice beasts
  3 sky beasts
  A spectral hornet (Spider:4)
  A necrophage (D:9)
  26 wolves
  2 eyes of draining
  2 hornet zombies
  A phantom (D:4)
  20 ogres
  4 boggarts (Lair:6)
  15 centaurs
  12 crocodiles
  2 big kobolds
  A gnoll sergeant (D:10)
  15 bullfrogs
  5 scorpions
  6 killer bees
  A water moccasin skeleton (D:6)
  9 wights
  4 howler monkeys
  4 jellies
  5 crimson imps
  5 centaur zombies
  2 quasits
  9 hounds
  29 orc priests
  6 centaur skeletons
  2 bullfrog skeletons
  30 orc wizards
  5 iguanas
  14 worker ants
  4 hound skeletons
  3 worker ant zombies
  8 gnolls
  14 adders
  3 shadow imps
  3 oozes
  3 adder zombies
  An adder skeleton (D:4)
  3 worms
  4 dart slugs
  8 leopard geckos
  123 orcs
  A ball python (D:8)
  13 bats
  A giant cockroach (D:1)
  7 goblins
  8 hobgoblins
  16 jackals
  22 kobolds
  4 quokkas
  2 frilled lizards
  A leopard gecko skeleton (D:4)
  9 rats
  A fungus (Lair:6)
  2 plants
1141 creatures vanquished.

Vanquished Creatures (collateral kills)
  An entropy weaver (Spider:3)
  2 spark wasps
  An orb spider (Spider:4)
  2 wolf spiders (Spider:3)
  6 demonic crawlers
  11 jumping spiders
  2 hornets (Spider:4)
  16 redbacks
  4 tarantellas
  An ogre (D:7)
  A hound (D:7)
  2 adder zombies (D:7)
49 creatures vanquished.

Vanquished Creatures (others)
  A jumping spider (Spider:4)
  A crocodile (D:7)
  An orc priest (D:12)
  An adder skeleton (D:7)
  An orc (Orc:2)
  12 fungi
  7 plants
  A withered plant (D:10)
25 creatures vanquished.

Grand Total: 1215 creatures vanquished

Notes
Turn   | Place    | Note
-------+----------+-------------------------------------------
     0 | D:1      | Chiseanne the Gnoll Wanderer began the quest for the Orb.
     0 | D:1      | Chiseanne set off with the following items: a +0 dagger, a
                  | +2 leather armour, a ration; and the following spell
                  | memorised: Sandblast; and the following spells available to
                  | memorise: Stone Arrow
     0 | D:1      | Reached XP level 1. HP: 13/13 MP: 2/2
   352 | D:1      | Reached XP level 2. HP: 19/19 MP: 3/3
   642 | D:1      | Reached XP level 3. HP: 17/25 MP: 4/4
  1248 | D:2      | Reached skill level 1 in Invocations
  1287 | D:2      | Reached skill level 1 in Fighting
  1287 | D:2      | Reached skill level 1 in Short Blades
  1287 | D:2      | Reached skill level 1 in Axes
  1287 | D:2      | Reached skill level 1 in Maces & Flails
  1287 | D:2      | Reached skill level 1 in Polearms
  1287 | D:2      | Reached skill level 1 in Staves
  1287 | D:2      | Reached skill level 1 in Slings
  1287 | D:2      | Reached skill level 1 in Bows
  1287 | D:2      | Reached skill level 1 in Crossbows
  1287 | D:2      | Reached skill level 1 in Throwing
  1287 | D:2      | Reached skill level 1 in Armour
  1287 | D:2      | Reached skill level 1 in Unarmed Combat
  1287 | D:2      | Reached skill level 1 in Spellcasting
  1590 | D:2      | Reached XP level 4. HP: 31/32 MP: 6/6
  2006 | D:2      | Found a shimmering blue altar of Sif Muna.
  2102 | D:2      | Reached skill level 1 in Conjurations
  2102 | D:2      | Reached skill level 1 in Hexes
  2102 | D:2      | Reached skill level 1 in Charms
  2102 | D:2      | Reached skill level 1 in Summonings
  2102 | D:2      | Reached skill level 1 in Necromancy
  2102 | D:2      | Reached skill level 1 in Translocations
  2102 | D:2      | Reached skill level 1 in Transmutations
  2102 | D:2      | Reached skill level 1 in Fire Magic
  2102 | D:2      | Reached skill level 1 in Ice Magic
  2102 | D:2      | Reached skill level 1 in Air Magic
  2102 | D:2      | Reached skill level 1 in Poison Magic
  2120 | D:2      | Found a glowing silver altar of Zin.
  2126 | D:2      | Found a hide-covered altar of Uskayaw.
  2130 | D:2      | Found a shattered altar of Ashenzari.
  2130 | D:2      | Found a basalt altar of Yredelemnul.
  2831 | D:3      | Found a sacrificial altar of Ru.
  2946 | D:3      | Reached XP level 5. HP: 37/37 MP: 7/7
  3889 | D:4      | Noticed a phantom
  4229 | D:4      | Found Fuevval's General Store.
  4658 | D:4      | Reached XP level 6. HP: 44/44 MP: 8/8
  4863 | D:5      | Entered Level 5 of the Dungeon
  4885 | D:5      | Reached skill level 5 in Dodging
  5046 | D:5      | Noticed a sky beast
  5076 | D:5      | Killed a sky beast
  5326 | D:5      | You fall into a shaft and drop 2 floors!
  5415 | D:7      | Reached XP level 7. HP: 50/50 MP: 10/10
  5540 | D:7      | Found a radiant altar of Vehumet.
  5551 | D:7      | Found a stormy altar of Qazlal.
  5649 | D:7      | Reached skill level 5 in Stealth
  5987 | D:7      | Reached XP level 8. HP: 49/57 MP: 12/12
  6144 | D:7      | Found a stormy altar of Qazlal.
  6151 | D:7      | Found a staircase to the Ecumenical Temple.
  6169 | Temple   | Entered the Ecumenical Temple
  6269 | Temple   | Became a worshipper of Gozag Ym Sagoz the Greedy
  7082 | D:6      | Found a sparkling altar of Nemelex Xobeh.
  7486 | D:6      | Reached XP level 9. HP: 63/65 MP: 14/14
  7604 | D:6      | Found an ornate altar of the Wu Jian Council.
  7687 | D:5      | Found a bloodstained altar of Trog.
  8143 | D:5      | Found a burning altar of Makhleb.
  8143 | D:5      | Noticed a cacodemon
  8217 | D:5      | Learned a level 1 spell: Apportation
  8221 | D:5      | Learned a level 3 spell: Stone Arrow
  8412 | D:4      | Noticed Menkaure
  9333 | D:4      | Killed Menkaure
  9333 | D:4      | Reached skill level 5 in Long Blades
  9333 | D:4      | Reached skill level 5 in Shields
  9333 | D:4      | Reached skill level 5 in Evocations
 10332 | D:8      | Reached skill level 5 in Invocations
 10347 | D:7      | Reached XP level 10. HP: 25/73 MP: 17/17
 10354 | D:7      | HP: 1/73 [killer bee (8)]
 10629 | D:8      | Found a staircase to the Lair.
 10914 | D:7      | HP: 1/73 [crocodile (11)]
 11294 | D:8      | Reached skill level 5 in Fighting
 11294 | D:8      | Reached skill level 5 in Short Blades
 11294 | D:8      | Reached skill level 5 in Axes
 11294 | D:8      | Reached skill level 5 in Maces & Flails
 11294 | D:8      | Reached skill level 5 in Polearms
 11294 | D:8      | Reached skill level 5 in Staves
 11294 | D:8      | Reached skill level 5 in Slings
 11294 | D:8      | Reached skill level 5 in Bows
 11294 | D:8      | Reached skill level 5 in Crossbows
 11294 | D:8      | Reached skill level 5 in Throwing
 11294 | D:8      | Reached skill level 5 in Armour
 11294 | D:8      | Reached skill level 5 in Unarmed Combat
 11294 | D:8      | Reached skill level 5 in Spellcasting
 11374 | D:4      | Bought the +1 ring mail of Quiet Fog {-Cast rPois rCorr
                  | Str+5} for 380 gold pieces
 11398 | D:4      | Bought a scroll of magic mapping for 45 gold pieces
 11398 | D:4      | Bought a scroll of identify for 26 gold pieces
 11398 | D:4      | Bought a scroll of remove curse for 39 gold pieces
 11398 | D:4      | Bought a potion of might for 52 gold pieces
 12769 | D:8      | HP: 2/74 [yak (13)]
 13592 | D:9      | Found a hazy altar of Hepliaklqana.
 13674 | D:9      | Noticed a five-headed hydra
 13769 | D:9      | Reached XP level 11. HP: 81/81 MP: 19/19
 13996 | D:9      | Noticed a seven-headed hydra
 14360 | D:8      | Bought a scroll of silence for 97 gold pieces
 14360 | D:8      | Bought a scroll of identify for 26 gold pieces
 14401 | Lair:1   | Entered Level 1 of the Lair of Beasts
 14966 | Lair:1   | Reached skill level 5 in Conjurations
 14966 | Lair:1   | Reached skill level 5 in Hexes
 14966 | Lair:1   | Reached skill level 5 in Charms
 14966 | Lair:1   | Reached skill level 5 in Summonings
 14966 | Lair:1   | Reached skill level 5 in Necromancy
 14966 | Lair:1   | Reached skill level 5 in Translocations
 14966 | Lair:1   | Reached skill level 5 in Transmutations
 14966 | Lair:1   | Reached skill level 5 in Fire Magic
 14966 | Lair:1   | Reached skill level 5 in Ice Magic
 14966 | Lair:1   | Reached skill level 5 in Air Magic
 14966 | Lair:1   | Reached skill level 5 in Poison Magic
 17555 | Lair:2   | Reached XP level 12. HP: 58/89 MP: 22/22
 18744 | Lair:3   | Found a staircase to the Shoals.
 19142 | Lair:3   | Noticed a six-headed hydra
 19153 | Lair:3   | Killed a six-headed hydra
 19396 | Lair:3   | Got a warped scale mail
 19397 | Lair:3   | Identified the +4 scale mail of the Distant Future {Str+2
                  | Int+4} (You found it on level 3 of the Lair of Beasts)
 19593 | Lair:3   | Found a hole to the Spider Nest.
 19970 | Lair:4   | Noticed a seven-headed hydra
 19976 | Lair:4   | Killed a seven-headed hydra
 21173 | Lair:4   | Reached XP level 13. HP: 58/98 MP: 17/24
 24121 | Lair:6   | Entered Level 6 of the Lair of Beasts
 25804 | Lair:6   | Reached XP level 14. HP: 52/106 MP: 16/26
 26691 | Lair:6   | Reached skill level 10 in Dodging
 27392 | D:8      | Bought a crude scale mail for 207 gold pieces
 27392 | D:8      | Bought a steaming ring mail for 207 gold pieces
 27392 | D:8      | Bought a pair of runed boots for 172 gold pieces
 27393 | D:8      | Identified the +1 scale mail of Rury {rElec rF+ Dex+3 SInv}
                  | (You bought it in a shop on level 8 of the Dungeon)
 27406 | D:8      | Identified a +0 pair of boots of running (You bought it in
                  | a shop on level 8 of the Dungeon)
 27408 | D:8      | Identified the +5 ring mail "Denwiluq" {rElec Regen+ SInv
                  | Stlth+} (You bought it in a shop on level 8 of the Dungeon)
 27439 | D:8      | Learned a level 3 spell: Frozen Ramparts
 27667 | D:8      | Bought a scroll of brand weapon for 260 gold pieces
 27810 | D:4      | Bought the +5 whip "Dragonslayer" {vorpal, rN+} for 518
                  | gold pieces
 28183 | D:10     | Entered Level 10 of the Dungeon
 28533 | D:9      | Reached skill level 10 in Stealth
 28538 | D:9      | Identified a scroll of acquirement
 28538 | D:9      | Acquired Sum Popn's Grimoire of Harmful Heat
 28647 | D:10     | Found a runed translucent door.
 28703 | D:10     | Noticed halv's ghost (journeyman MiHu)
 28861 | D:10     | Found a staircase to the Orcish Mines.
 29150 | D:11     | Reached skill level 10 in Invocations
 29221 | D:11     | You fall into a shaft and drop 1 floor!
 31666 | D:13     | Found a glowing golden altar of the Shining One.
 31734 | D:13     | Reached XP level 15. HP: 90/114 MP: 21/28
 31944 | D:13     | Reached skill level 10 in Long Blades
 31944 | D:13     | Reached skill level 10 in Shields
 31944 | D:13     | Reached skill level 10 in Evocations
 32776 | D:14     | Found a gate to the Vaults.
 32826 | D:14     | Reached skill level 10 in Earth Magic
 33145 | D:14     | Reached skill level 10 in Fighting
 33145 | D:14     | Reached skill level 10 in Short Blades
 33145 | D:14     | Reached skill level 10 in Axes
 33145 | D:14     | Reached skill level 10 in Maces & Flails
 33145 | D:14     | Reached skill level 10 in Polearms
 33145 | D:14     | Reached skill level 10 in Staves
 33145 | D:14     | Reached skill level 10 in Slings
 33145 | D:14     | Reached skill level 10 in Bows
 33145 | D:14     | Reached skill level 10 in Crossbows
 33145 | D:14     | Reached skill level 10 in Throwing
 33145 | D:14     | Reached skill level 10 in Armour
 33145 | D:14     | Reached skill level 10 in Unarmed Combat
 33145 | D:14     | Reached skill level 10 in Spellcasting
 33281 | D:14     | Found a blossoming altar of Fedhas.
 33516 | D:15     | Entered Level 15 of the Dungeon
 33669 | D:15     | Noticed Agnes
 33690 | D:15     | Killed Agnes
 34239 | D:15     | Found a glowing golden altar of the Shining One.
 34510 | D:15     | Found a staircase to the Depths.
 35082 | D:15     | Bought an uncursed ring of poison resistance for 380 gold
                  | pieces
 35097 | D:15     | Learned a level 4 spell: Hailstorm
 35363 | Spider:1 | Entered Level 1 of the Spider Nest
 35441 | Spider:1 | Reached XP level 16. HP: 62/122 MP: 7/30
 36088 | Spider:1 | Noticed Nikola
 36117 | Spider:1 | Killed Nikola
 36549 | Spider:1 | Got a fine leather armour
 36670 | Spider:1 | Identified the +3 leather armour of Freezing Curiosity
                  | {*Slow +Inv rPois} (You found it on level 1 of the Spider
                  | Nest)
 36673 | Spider:1 | Got an iridescent hand axe
 36675 | Spider:1 | Identified the +6 hand axe of Iddausmu {elec, rElec Int+3}
                  | (You found it on level 1 of the Spider Nest)
 36875 | Spider:1 | You fall into a shaft and drop 1 floor!
 37997 | Spider:2 | Noticed Roxanne
 38385 | Spider:2 | Learned a level 4 spell: Summon Ice Beast
 38390 | Spider:2 | Learned a level 4 spell: Summon Lightning Spire
 39201 | Spider:3 | Reached XP level 17. HP: 49/131 MP: 2/32
 40041 | Spider:4 | Entered Level 4 of the Spider Nest
 42058 | Spider:4 | Got a gossamer rune of Zot
 42646 | D:15     | Bought the amulet of Usibuob {Spirit rElec Dex+4} for 890
                  | gold pieces
 42968 | Orc:1    | Entered Level 1 of the Orcish Mines
 43052 | Orc:1    | Reached skill level 10 in Conjurations
 43052 | Orc:1    | Reached skill level 10 in Hexes
 43052 | Orc:1    | Reached skill level 10 in Charms
 43052 | Orc:1    | Reached skill level 10 in Summonings
 43052 | Orc:1    | Reached skill level 10 in Necromancy
 43052 | Orc:1    | Reached skill level 10 in Translocations
 43052 | Orc:1    | Reached skill level 10 in Transmutations
 43052 | Orc:1    | Reached skill level 10 in Fire Magic
 43052 | Orc:1    | Reached skill level 10 in Ice Magic
 43052 | Orc:1    | Reached skill level 10 in Air Magic
 43052 | Orc:1    | Reached skill level 10 in Poison Magic
 43452 | Orc:1    | Noticed Jorgrun
 43473 | Orc:1    | Killed Jorgrun
 43815 | Orc:2    | Entered Level 2 of the Orcish Mines
 43866 | Orc:2    | Reached XP level 18. HP: 134/139 MP: 31/33
 44360 | Orc:2    | Found a roughly hewn altar of Beogh.
 44463 | Orc:2    | Found Etiowasy's Book Boutique.
 44512 | Orc:2    | Found Toosuty's General Store.
 44546 | Orc:2    | Bought a ration for 70 gold pieces
 44546 | Orc:2    | Bought a scroll of teleportation for 42 gold pieces
 45114 | Orc:2    | Found Ziza's Assorted Antiques.
 45131 | Orc:2    | Bought a potion of curing for 99 gold pieces
 45343 | Orc:2    | Found Dacecian's Weapon Emporium.
 45530 | Orc:2    | Found a roughly hewn altar of Beogh.
 45650 | Orc:2    | Paralysed by an orc sorcerer for 5 turns
 45829 | Orc:2    | Found a staircase to the Elven Halls.
 46294 | Vaults:1 | Entered Level 1 of the Vaults
 46510 | Vaults:1 | Noticed an Ice Fiend
 46518 | Vaults:1 | Killed from afar by an Ice Fiend

Illustrated notes

Levels and vault maps discovered:
D:1:      evilmike_arrival_rings, layout_basic, corexii_hall_statues_x,
          minmay_small_reverse_x
D:2:      layout_loops_ring, minitemple, marbit_many_paths,
          lexackson_kobold_supper
D:3:      layout_loops_corners, old_standard_altar, first_ration,
          grunt_ministairs_2
D:4:      layout_rooms, serial_shops, nicolae_shop_stone, kennysheep_donut,
          minmay_misc_feat_square, uniq_menkaure
D:5:      layout_basic, overflow_temple_1_default, makhleb_altar_promises_db
D:6:      minmay_clustersquares, layout_loops_ring, lemuel_crystal_altar,
          old_standard_altar
D:7:      layout_cave_pools, fiery_altar_vehumet, grunt_qazlal_sundering,
          minmay_temple_entry_gardened_gates, basic_altar
D:8:      layout_layer_cave, minmay_lair_entry_grove
D:9:      minmay_klotski, layout_irregular_city, nicolae_overflow_hidden_temple,
          blue_anna_alchemist [blue_anna_fruit_fields, blue_anna_fruit_fields]
D:10:     layout_rooms, david_orc_3, gammafunk_ghost_grave
D:11:     layout_loops_corners, chequers_serial_rivers_micro_e
D:12:     layout_gridville
D:13:     layout_basic, basic_altar
D:14:     layout_basic, lightli_vaults_fourway_checkpoint, serial_glass,
          glass_columns_a, glass_columns_a, minmay_tree_intersection,
          fedhas_altar_2
D:15:     grunt_enter_depths_magical_seal, layout_basic,
          hangedman_decor_riveting, tso_altar, uniq_agnes
Temple:   nicolae_temple_figure_zero
Lair:1:   layout_misc_corridors, gauntlet_entry_generic, grunt_megastairs_1,
          serial_bayou_shore_a
Lair:2:   layout_roguey
Lair:3:   layout_regular_city, elwin_shoals_entry_rocks,
          nicolae_spider_entry_tight_spaces, chequers_serial_rivers_micro_e,
          lemuel_fruit_fields
Lair:4:   layout_cave_pods
Lair:5:   layout_long_grid, grunt_megastairs_3
Lair:6:   minmay_lair_end_enchanted_forest, layout_small_grid,
          dpeg_slime_entry_corner, minmay_lair_oklob_chamber
Spider:1: nicolae_spider_mines_1, uniq_nikola
Spider:2: layout_spider_delve, uniq_roxanne
Spider:3: layout_spider_delve
Spider:4: floodkiller_spider_rune_tomb
Orc:1:    layout_caves, uniq_jorgrun
Orc:2:    pubby_orc_utopia
Vaults:1: vaults_room_corners, nicolae_vaults_asterisk, vaults_mumra_hex,
          v_misc_23, hangedman_vaults_pinch, nicolae_vaults_network_s,
          vaults_mumra_chevron, hangedman_vaults_variations,
          dpeg_vaults_monster_box, nicolae_vaults_statue_guard,
          grunt_vaults_focal, ontoclasm_vaults_ligature,
          ontoclasm_vaults_decontamination, layout_vaults_ring, uniq_asterion

Skill      XL: |  1  2  3  4  5  6  7  8  9 10 11 12 13 14 15 16 17 18 |
---------------+-------------------------------------------------------+-----
Invocations    | 1 2 3 4 5 6 7 8 9 10 11 12 | 12.8
Fighting       | 1 2 3 4 5 6 7 8 9 10 11 | 11.9
Short Blades   | 1 2 3 4 5 6 7 8 9 10 11 | 11.9
Axes           | 1 2 3 4 5 6 7 8 9 10 11 | 11.9
Maces & Flails | 1 2 3 4 5 6 7 8 9 10 11 | 11.9
Polearms       | 1 2 3 4 5 6 7 8 9 10 11 | 11.9
Staves         | 1 2 3 4 5 6 7 8 9 10 11 | 11.9
Slings         | 1 2 3 4 5 6 7 8 9 10 11 | 11.9
Bows           | 1 2 3 4 5 6 7 8 9 10 11 | 11.9
Crossbows      | 1 2 3 4 5 6 7 8 9 10 11 | 11.9
Throwing       | 1 2 3 4 5 6 7 8 9 10 11 | 11.9
Armour         | 1 2 3 4 5 6 7 8 9 10 11 | 11.9
Unarmed Combat | 1 2 3 4 5 6 7 8 9 10 11 | 11.9
Spellcasting   | 1 2 3 4 5 6 7 8 9 10 11 | 11.9
Conjurations   | 1 2 3 4 5 6 7 8 9 10 | 10.2
Hexes          | 1 2 3 4 5 6 7 8 9 10 | 10.2
Charms         | 1 2 3 4 5 6 7 8 9 10 | 10.2
Summonings     | 1 2 3 4 5 6 7 8 9 10 | 10.2
Necromancy     | 1 2 3 4 5 6 7 8 9 10 | 10.2
Translocations | 1 2 3 4 5 6 7 8 9 10 | 10.2
Transmutations | 1 2 3 4 5 6 7 8 9 10 | 10.2
Fire Magic     | 1 2 3 4 5 6 7 8 9 10 | 10.2
Ice Magic      | 1 2 3 4 5 6 7 8 9 10 | 10.2
Air Magic      | 1 2 3 4 5 6 7 8 9 10 | 10.2
Poison Magic   | 1 2 3 4 5 6 7 8 9 10 | 10.2
Long Blades    | 3 4 5 6 7 8 9 10 11 12 | 12.2
Shields        | 3 4 5 6 7 8 9 10 11 12 | 12.2
Evocations     | 3 4 5 6 7 8 9 10 11 12 | 12.2
Dodging        | 5 6 7 8 9 10 11 12 | 12.6
Stealth        | 5 6 7 8 9 10 11 12 | 12.5
Earth Magic    | 6 7 8 9 10 11 | 11.4

Action                   |  1- 3 |  4- 6 |  7- 9 | 10-12 | 13-15 | 16-18 || total
-------------------------+-------+-------+-------+-------+-------+-------++-------
Melee: Dagger            |    45 |       |       |     6 |       |       ||    51
       Bite              |    16 |    43 |    50 |   118 |   305 |   249 ||   781
       Short sword       |    82 |       |       |   233 |    19 |       ||   334
       Hand axe          |    12 |   319 |   388 |   259 |    12 |   158 ||  1148
       Punch             |       |     2 |     7 |    21 |     6 |       ||    36
       Quarterstaff      |       |       |       |   241 |   372 |       ||   613
       Falchion          |       |       |       |       |  1166 |       ||  1166
       Whip              |       |       |       |       |    24 |       ||    24
       Long sword        |       |       |       |       |   117 |  1207 ||  1324
Throw: Dart              |     6 |     7 |    11 |   127 |    53 |   301 ||   505
       Boomerang         |       |       |    23 |    35 |    16 |    12 ||    86
       Throwing net      |       |       |       |     1 |       |       ||     1
 Cast: Stone Arrow       |       |       |       |     3 |     9 |    30 ||    42
       Frozen Ramparts   |       |       |       |       |    20 |    48 ||    68
       Hailstorm         |       |       |       |       |     1 |     8 ||     9
       Summon Ice Beast  |       |       |       |       |       |    52 ||    52
       Summon Lightning  |       |       |       |       |       |     5 ||     5
Invok: Call Merchant     |       |       |       |     1 |     3 |     1 ||     5
       Potion Petition   |       |       |       |       |     2 |       ||     2
Evoke: Wand              |       |       |     6 |    25 |    10 |    15 ||    56
       Tin of tremorston |       |       |     3 |     2 |     3 |     3 ||    11
       Phantom mirror    |       |       |       |       |       |     1 ||     1
       Phial of floods   |       |       |       |       |       |     1 ||     1
  Use: Scroll            |     6 |     5 |     5 |    10 |    19 |    14 ||    59
       Potion            |       |     6 |     2 |    11 |     3 |     8 ||    30
 Stab: Sleeping          |     9 |     7 |     3 |     8 |    29 |    24 ||    80
       Invisible         |     1 |       |       |     2 |     7 |       ||    10
       Distracted        |       |       |     3 |     2 |    14 |    16 ||    35
       Held in net/web   |       |       |       |     1 |       |       ||     1
       Confused          |       |       |       |     2 |       |       ||     2
       Petrifying        |       |       |       |       |       |     2 ||     2
       Petrified         |       |       |       |       |       |     2 ||     2
  Eat: Ration            |     1 |       |     4 |    12 |    14 |    12 ||    43
       Chunk             |       |    11 |     2 |       |       |       ||    13
Armor: Leather armour    |    42 |   106 |   125 |    11 |       |       ||   284
       Skin              |       |    15 |       |       |       |       ||    15
       Ring mail         |       |       |       |   258 |   467 |   627 ||  1352
Dodge: Dodged            |    86 |   236 |   343 |   633 |  1124 |  1259 ||  3681
Block: Buckler           |       |       |       |       |   241 |       ||   241
       Kite shield       |       |       |       |       |   260 |  1266 ||  1526
       Reflection        |       |       |       |       |    16 |     2 ||    18
       Rpst.: Falchion   |       |       |       |       |   186 |       ||   186
       Long sword        |       |       |       |       |    16 |   228 ||   244
